 Dungeon Crawl Stone Soup version 0.31-a0-188-g5e087ee2ca (webtiles) character file.

Game seed: 3839328523943050476

4 qw the Shooter (level 1, -1/12 HPs)
             Began as a Deep Elf Hunter on June 23, 2023.
             Slain by a goblin
             ... wielding a +0 club
              (3 damage)
             ... on level 1 of the Dungeon.
             The game lasted 00:00:01 (18 turns).

qw the Shooter (Deep Elf Hunter)                      Turns: 18, Time: 00:00:02

Health: -1/12      AC:  3    Str:  8    XL:     1   Next: 50%
Magic:  3/3        EV: 12    Int: 13    God:
Gold:   0          SH:  0    Dex: 18    Spells: 0/0 levels left

rFire   . . .        a - +0 shortbow
rCold   . . .        (shield currently unavailable)
rNeg    . . .        c - +0 leather armour
rPois   .            (no helmet)
rElec   .            (no cloak)
rCorr   .            (no gloves)
SInv    .            (no boots)
Will    .....        (no amulet)
Stlth   ++           (no ring)
HPRegen 0.22/turn    (no ring)
MPRegen 0.08/turn

%: no passive effects
@: no status effects
A: no striking features
a: no special abilities


You were on level 1 of the Dungeon.
You visited 1 branch of the dungeon, and saw 1 of its levels.


   Skills:
 - Level 1.5 Fighting
 + Level 5.6 Ranged Weapons
 - Level 2.4 Dodging
 - Level 1.2 Stealth


You couldn't memorise any spells.
You didn't know any spells.
Your spell library was empty.

Inventory:

Hand Weapons
 a - a +0 shortbow (weapon)
Armour
 c - a +0 leather armour (worn)
Scrolls
 b - a scroll of butterflies

Dungeon Overview and Level Annotations

Branches:
Dungeon (1/15)

Altars:


Message History

The arrow hits the kobold but does no damage.
The kobold hits you with a +0 short sword.
You shoot an arrow. The arrow closely misses the kobold.
You hear a shout!
A kobold comes into view. It is wielding a +0 whip.
The kobold hits you with a +0 short sword.
A jackal comes into view.
You shoot an arrow. The kobold shouts!
The arrow hits the kobold.
You kill the kobold!
A goblin comes into view. It is wielding a +0 club.
The goblin hits you but does no damage. The jackal barely misses you.
A jackal comes into view.
You shoot an arrow. The arrow hits the jackal.
You kill the jackal!
The goblin hits you with a +0 club. The jackal bites you.
The goblin misses you.
You shoot an arrow.
The arrow hits the jackal but does no damage.
The jackal bites you but does no damage.
The goblin barely misses you.
You shoot an arrow. The arrow hits the jackal.
The jackal is heavily wounded.
The jackal bites you. The goblin hits you with a +0 club.
The jackal barely misses you.
You shoot an arrow. The arrow hits the jackal.
You kill the jackal!
The goblin hits you but does no damage.
You shoot an arrow. The arrow hits the goblin!
You kill the goblin!
The goblin closely misses you. The jackal misses you.
You shoot an arrow. The arrow hits the jackal.
The jackal is heavily wounded.
The goblin hits you but does no damage. The jackal bites you.
You shoot an arrow. The arrow hits the jackal.
The jackal is severely wounded.
The jackal bites you but does no damage.
The goblin barely misses you. The jackal barely misses you.
The goblin hits you with a +0 club.
You die...

#..# ##### ..#
##~~~## ..#
##~~P~~##..#
##~~~.~~~##.# #
#~~P.8.P~~#K##.####
#.#~~.....~~#ghh.....
#.8~.......~8@#
.+.P8.<.8P.'.###
#.8~.......~8...#
#.#~~.....~~#.#.#
#~~P.8.P~~#.....
##~~~.~~~##...##.#
##~~P~~##.....# #
##~~~## .>#.## #####
....


You could see 2 jackals, a goblin and a kobold.

Vanquished Creatures
  2 jackals (D:1)
  A goblin (D:1)
  A kobold (D:1)
4 creatures vanquished.

Notes
Turn   | Place    | Note
-------+----------+-------------------------------------------
     0 | D:1      | qw the Deep Elf Hunter began the quest for the Orb.
     0 | D:1      | Reached XP level 1. HP: 12/12 MP: 3/3
     0 | D:1      | 0 ||| qw: Version: 0.3-a-9-g12657ce
     0 | D:1      | 0 ||| qw: Game counter: 4142
     0 | D:1      | 0 ||| qw: Always use a shield: true
     0 | D:1      | 0 ||| qw: God list: Okawaru
     0 | D:1      | 0 ||| qw: Allow faded altars: false
     0 | D:1      | 0 ||| qw: Do Orc after D:15 true
     0 | D:1      | 0 ||| qw: Do second Lair branch before Depths: true
     0 | D:1      | 0 ||| qw: Lair rune preference: random
     0 | D:1      | 0 ||| qw: Plans: Normal
     0 | D:1      | 0 ||| PLANNING D:1-11
    14 | D:1      | HP: 3/12 [jackal (2)]
    18 | D:1      | Slain by a goblin

Levels and vault maps discovered:
D:1:      lightli_arrival_statuegarden, layout_basic, serial_co_window_serial,
          co_window_corner_a, co_window_paths_a, co_window_paths_b,
          co_window_corner_a, co_window_paths_a, co_window_corner_ca,
          co_window_corner_ca, co_window_paths_c, co_window_cross_2,
          co_window_broadway_a, co_window_of_opportunity_b

Action                     || total
---------------------------++-------
   Fire: Shortbow          ||    12
 Armour: Leather armour    ||     6
  Dodge: Dodged            ||     8

Table legend:
 A = Non-vault XP
 B = Vault XP
 C = Vault XP percentage of total XP
 D = Non-vault monster count
 E = Vault monster count
 F = Vault count percentage of total count
                 A         B        C        D         E       F
            +---------+---------+-------+---------+---------+-------
      Total |       6 |       0 |   0.0 |       4 |       0 |   0.0
            +---------+---------+-------+---------+---------+-------
        D:1 |       6 |       0 |   0.0 |       4 |       0 |   0.0
            +---------+---------+-------+---------+---------+-------
